 Dungeon Sprint DCSS version 0.27.1-33-g824d729ab1 (webtiles) character file.

Game seed: 18151645944825211763

29683 manyhoops the Warrior (level 13, -17/150 HPs)
             Began as a Deep Dwarf Fighter on Nov 28, 2021.
             Was the Champion of Qazlal.
             Killed from afar by Lom Lobon (36 damage)
             ... with a great icy blast
             ... in the Dungeon (Sprint I: "Red Sonja").
             The game lasted 00:26:51 (2903 turns).

manyhoops the Warrior (Deep Dwarf Fighter)          Turns: 2903, Time: 00:26:52

Health: -17/150    AC: 24    Str: 25    XL:     13   Next: 16%
Magic:  0/15 (6)   EV:  9    Int:  9    God:    Qazlal [******]
Gold:   2543       SH:  8    Dex: 12    Spells: 7/12 levels left

rFire    + . .     SeeInvis +   c - +0 battleaxe (flame)
rCold    . . .     Faith    .   (shield currently unavailable)
rNeg     . . .     Spirit   .   k - +1 chain mail {rPois}
rPois    +         Reflect  .   x - +1 helmet {SInv}
rElec    .         Harm     .   w - +1 cloak {Will+}
rCorr    .         Rampage  ∞   (no gloves)
Will     ++...     NoTele   +   m - +3 pair of seven-league boots {Rampage+∞}
Stlth    ..........             z - amulet "Daiqidid" {Acrobat +Blink MP+9}
HPRegen  0.00/turn              a - ring of protection from fire
MPRegen  0.14/turn              r - ring of flight

@: flying, invisible, repel missiles
A: damage resistance, heal wounds, sense surroundings 2, no regeneration
0: Orb of Zot
a: Heal Wounds, Renounce Religion, Evoke Blink, Upheaval, Elemental Force,
Disaster Area


You were in the Dungeon.
You worshipped Qazlal.
Qazlal was exalted by your worship.
You visited 1 branch You collected 6244 gold pieces.
You spent 3701 gold pieces at shops.

Inventory:

Hand Weapons
 c - a +0 battleaxe of flaming (weapon)
 o - a +0 vampiric war axe
Armour
 k - a +1 chain mail of poison resistance (worn)
 m - the +3 pair of seven-league boots (worn) {Rampage+∞}
   (You bought it in a shop in the Dungeon)

   Its wearer moves as far as possible in that direction when moving towards
   enemies.
 w - a +1 cloak of willpower (worn)
 x - a +1 helmet of see invisible (worn)
Jewellery
 a - a ring of protection from fire (left hand)
 l - a +4 ring of protection
 r - a ring of flight (right hand)
 y - a ring of fire
 z - the amulet "Daiqidid" (around neck) {Acrobat +Blink MP+9}
   (You found it in the Dungeon)

   [amulet of the acrobat]

   It increases your evasion while moving and waiting.
   MP:        It affects your magic capacity (+9).
   +Blink:    It lets you blink.
 A - the ring "Worid" {Ice rN+}
   (You found it in the Dungeon)

   [ring of ice]

   It enhances your ice magic.
   rF:        It makes you vulnerable to fire.
   rC:        It protects you from cold.
   rN:        It protects you from negative energy.
Scrolls
 b - 2 scrolls of magic mapping
 d - 6 scrolls of identify
 i - a scroll of vulnerability
 p - 2 scrolls of torment
 B - a scroll of silence
Potions
 e - 4 potions of curing
 h - 3 potions of magic
 n - 2 potions of brilliance
 q - a potion of berserk rage
 t - a potion of attraction
 u - 2 potions of resistance


   Skills:
 + Level 19.0 Fighting
 - Level 14.8 Axes
 - Level 15.3 Armour
 - Level 0.3 Dodging
 - Level 5.7 Stealth
 - Level 4.6 Shields
 - Level 7.8 Transmutations
 - Level 12.7 Earth Magic
 - Level 17.9 Invocations


You had 7 spell levels left.
You knew the following spells:

 Your Spells              Type           Power      Damage    Failure   Level
a - Passwall              Tmut/Erth      15%        N/A       3%          2
b - Swiftness             Air            0%         N/A       99%         3

Your spell library contained the following spells:

 Spells                   Type           Power      Damage    Failure   Level
 Sting                    Tmut/Pois      28%        1d4       32%         1
 Ignite Poison            Fire/Tmut/Pois 4%         N/A       86%         3
 Statue Form              Tmut/Erth      12%        N/A       98%         6
 Summon Guardian Golem    Hex/Summ       0%         N/A       99%         3
 Eringya's Noxious Bog    Tmut/Pois      3%         N/A       100%        6
 Invisibility             Hex            0%         N/A       100%        6
 Orb of Destruction       Conj           0%         N/A       100%        7
 Spellforged Servitor     Conj/Summ      0%         N/A       100%        7


Dungeon Overview and Level Annotations

Branches:
Dungeon (1/1)

Altars:
Cheibriados
Dithmenos
Elyvilon
Fedhas
Gozag
Hepliaklqana
Kikubaaqudgha
Makhleb
Nemelex Xobeh
Okawaru
Qazlal
Ru
Sif Muna
Trog
Uskayaw
Vehumet
Wu Jian
Xom
Yredelemnul
Zin
The Shining One
Jiyva
Lugonu

Shops:
D =[*![!*[((:(!=?**

Annotations:
D Lom Lobon, Tiamat


Innate Abilities, Weirdness & Mutations

You are resistant to damage.
You can heal yourself by infusing magical energy.
You passively map the area around you.
You do not regenerate.


Message History

You reach down and open the door.
There is an open door here.
You see here the Orb of Zot.
Your magical essence is drained by the effort!
You feel much better.
You feel much better.
Your magical essence is drained by the effort!
You feel much better.
Okay, then.
Okay, then.
You pick up the Orb of Zot!
The Orb lets out a hideous shriek!
The lords of Pandemonium are not amused.
Beware!
Now all you have to do is get back out of the dungeon!
Okay, then.
There is an open door here.
You stride towards Lom Lobon!
You hit Lom Lobon.
Lom Lobon is lightly wounded.
Lom Lobon gestures.
A freezing vortex appears around Lom Lobon!
Okay, then.
Lom Lobon hits you!!
You feel your power leaking away.
Unknown command.
You avoid triggering an arrow trap.
Lom Lobon closely misses you.
You avoid triggering an arrow trap.
Unknown command.
You fail to use your ability.
* * * LOW HITPOINT WARNING * * *
Lom Lobon barely misses you.
Unknown command.
You blink.
* * * LOW HITPOINT WARNING * * *
The winds around Lom Lobon start to calm down.
Unknown command.
You don't have enough magic at the moment.
You fade into invisibility!
Lom Lobon gestures at you.
Lom Lobon conjures a mighty blast of ice!
The great icy blast engulfs you!!!
You die...

..§.≈####§........###°°..#≈≈≈≈≈##
...≈≈##)(.....#####..°§####≈≈≈≈#≈
.≈≈≈###))...)##.○§§§°§.#..#'≈≈≈'≈
≈≈### #)....##°°§°§§○○.#...##≈≈#≈
##.####$$$$$#°○§.§°§§°§#....#####
###∩∩############^°.§○§#....#≈≈☼≈
∩∩∩∩###≈≈≈≈≈≈≈≈,#°§.§§○#######≈°≈
##### ###########§&°§§○°).#.|+)*.
#.....'...@°°§§°°#:)'))#.°.
###########################


You could see Lom Lobon (gusty).

Vanquished Creatures
  the Lernaean hydra (D)
  A golden dragon (D)
  A deep elf master archer (D)
  A shadow dragon (D)
  4 fire giants (D)
  A lorocyproca (D)
  A deep elf annihilator (D)
  A mummy priest (D)
  A hydra (D)
  2 centaur warriors (D)
  A deep troll (D)
  A lindwurm (D)
  2 oklob plants (D)
  A merfolk siren (D)
  A gargoyle (D)
  7 unseen horrors (D)
  2 kobold demonologists (D)
  A hellwing (D)
  4 demonic crawlers (D)
  5 hornets (D)
  A slime creature (D)
  2 redbacks (D)
  Sigmund (D)
  A yak (D)
  13 hogs (D)
  3 floating eyes (D)
  7 necrophages (D)
  An ogre (D)
  8 jellies (D)
  Ijyb (D)
77 creatures vanquished.

Vanquished Creatures (others)
  Sonja (D)
  A gargoyle (D)
  A merfolk siren (D)
  5 ball lightnings (D)
  2 ballistomycete spores (D)
10 creatures vanquished.

Grand Total: 87 creatures vanquished

Notes
Turn   | Place    | Note
-------+----------+-------------------------------------------
     0 | D        | manyhoops the Deep Dwarf Fighter began the quest for the
                  | Orb.
     0 | D        | Reached XP level 1. HP: 20/20 MP: 1/1
     6 | D        | Noticed Ijyb
    23 | D        | Killed Ijyb
    24 | D        | Reached skill level 3 in Fighting
    24 | D        | Reached XP level 2. HP: 19/30 MP: 2/2
    27 | D        | Noticed an ogre
    32 | D        | Killed an ogre
    33 | D        | Reached XP level 3. HP: 36/36 MP: 3/3
    33 | D        | Reached XP level 4. HP: 44/44 MP: 4/4
    96 | D        | Noticed Sigmund
   103 | D        | Killed Sigmund
   104 | D        | Reached XP level 5. HP: 46/50 MP: 5/5
   122 | D        | Found an ornate altar of the Wu Jian Council.
   122 | D        | Found a shimmering blue altar of Sif Muna.
   124 | D        | Found a radiant altar of Vehumet.
   128 | D        | Reached XP level 6. HP: 43/57 MP: 6/6
   148 | D        | Found Gamovuxt's Armour Emporium.
   148 | D        | Found an ancient bone altar of Kikubaaqudgha.
   148 | D        | Found a hazy altar of Hepliaklqana.
   148 | D        | Found a hide-covered altar of Uskayaw.
   148 | D        | Found a basalt altar of Yredelemnul.
   148 | D        | Found an opulent altar of Gozag.
   148 | D        | Found a snail-covered altar of Cheibriados.
   148 | D        | Found a sacrificial altar of Ru.
   148 | D        | Found a shadowy altar of Dithmenos.
   148 | D        | Noticed a yak
   155 | D        | Killed a yak
   156 | D        | Found a stormy altar of Qazlal.
   156 | D        | Found a blossoming altar of Fedhas.
   156 | D        | Found a bloodstained altar of Trog.
   156 | D        | Found an iron altar of Okawaru.
   156 | D        | Found a glowing golden altar of the Shining One.
   156 | D        | Found a glowing silver altar of Zin.
   156 | D        | Found a white marble altar of Elyvilon.
   157 | D        | Found a sparkling altar of Nemelex Xobeh.
   161 | D        | Bought a +1 chain mail of poison resistance for 135 gold
                  | pieces
   161 | D        | Bought a +1 helmet for 115 gold pieces
   199 | D        | Became a worshipper of Qazlal Stormbringer
   219 | D        | Found a burning altar of Makhleb.
   219 | D        | Found a viscous altar of Jiyva.
   219 | D        | Found a shimmering altar of Xom.
   219 | D        | Found a corrupted altar of Lugonu.
   219 | D        | Noticed a slime creature
   228 | D        | Killed a slime creature
   229 | D        | Reached skill level 5 in Fighting
   229 | D        | Reached XP level 7. HP: 51/67 MP: 7/7
   252 | D        | Noticed a kobold demonologist
   253 | D        | Noticed a kobold demonologist
   254 | D        | Noticed a soul eater
   258 | D        | Killed a kobold demonologist
   259 | D        | Reached skill level 7 in Fighting
   259 | D        | Paralysed by a floating eye for 4 turns
   265 | D        | Reached * piety under Qazlal
   277 | D        | Killed a kobold demonologist
   278 | D        | Reached skill level 8 in Fighting
   278 | D        | Reached skill level 10 in Armour
   278 | D        | Reached XP level 8. HP: 43/82 MP: 8/8
   347 | D        | Noticed Sonja
   382 | D        | Killed Sonja
   383 | D        | Reached skill level 9 in Fighting
   384 | D        | Noticed a deep troll
   411 | D        | Killed a deep troll
   412 | D        | Reached skill level 10 in Fighting
   412 | D        | Gained mutation: You passively map the area around you.
                  | [Deep Dwarf growth]
   412 | D        | Reached XP level 9. HP: 39/93 MP: 8/8
   435 | D        | Found Vuyxir's Jewellery Boutique.
   513 | D        | Bought the +3 pair of seven-league boots {Rampage+∞} for
                  | 400 gold pieces
   513 | D        | Found the +3 pair of seven-league boots {Rampage+∞}
   536 | D        | Noticed a centaur warrior
   538 | D        | Noticed a centaur warrior
   555 | D        | Killed a centaur warrior
   555 | D        | Reached ** piety under Qazlal
   556 | D        | Reached skill level 11 in Fighting
   558 | D        | Killed a centaur warrior
   594 | D        | Noticed an oklob plant
   604 | D        | Killed an oklob plant
   604 | D        | Reached *** piety under Qazlal
   605 | D        | Reached XP level 10. HP: 99/106 MP: 7/7
   631 | D        | Reached skill level 5 in Invocations
   668 | D        | Reached **** piety under Qazlal
   676 | D        | Reached ***** piety under Qazlal
   724 | D        | Killed a gargoyle
   727 | D        | Reached skill level 10 in Invocations
   751 | D        | Reached ****** piety under Qazlal
   753 | D        | Found Keovajet's Distillery.
   753 | D        | Found Juluhaf's Jewellery Boutique.
   754 | D        | Found Gouth's Armour Boutique.
   754 | D        | Found Zunip's Magic Scroll Emporium.
   755 | D        | Found Suiseng's General Store.
   758 | D        | Identified the +0 scale mail "Xeixarch" {rN+ MP+9 Int+3}
   783 | D        | Found Pazete Ujiy's General Store.
   785 | D        | Found Jops's Distillery.
   785 | D        | Found Yhudadau's General Store.
   785 | D        | Found Fiyticw's Antique Armour Shoppe.
   785 | D        | Found Waadisak's Antique Weapon Boutique.
   785 | D        | Found Saewomat's Antique Weapon Emporium.
   785 | D        | Found Mol Bow's Book Shop.
   785 | D        | Found Lidizam's Weapon Shoppe.
   789 | D        | Found Qamn's Distillery.
   792 | D        | Bought a potion of berserk rage for 60 gold pieces
   792 | D        | Bought a potion of berserk rage for 60 gold pieces
   793 | D        | Bought a potion of flight for 33 gold pieces
   797 | D        | Bought a book of Burglary for 336 gold pieces
   800 | D        | Bought a scroll of fog for 20 gold pieces
   801 | D        | Bought a scroll of blinking for 75 gold pieces
   906 | D        | Noticed a gargoyle
   927 | D        | Killed a gargoyle
   928 | D        | Reached skill level 15 in Invocations
   934 | D        | Noticed a lindwurm
   946 | D        | Killed a lindwurm
   947 | D        | Reached skill level 5 in Stealth
   980 | D        | Reached skill level 12 in Fighting
   980 | D        | Reached XP level 11. HP: 114/114 MP: 19/19
   987 | D        | Reached skill level 15 in Armour
  1044 | D        | Noticed a daeva
  1120 | D        | Learned a level 2 spell: Passwall
  1124 | D        | Learned a level 3 spell: Swiftness
  1203 | D        | Killed a lorocyproca
  1383 | D        | Bought a potion of invisibility for 112 gold pieces
  1383 | D        | Bought a potion of heal wounds for 70 gold pieces
  1383 | D        | Bought a potion of heal wounds for 70 gold pieces
  1383 | D        | Bought a potion of brilliance for 56 gold pieces
  1384 | D        | Bought a scroll of fog for 24 gold pieces
  1386 | D        | Bought a scroll of identify for 24 gold pieces
  1386 | D        | Bought a scroll of identify for 24 gold pieces
  1386 | D        | Bought a scroll of identify for 24 gold pieces
  1387 | D        | Bought a +1 cloak of willpower for 198 gold pieces
  1393 | D        | Bought a potion of resistance for 120 gold pieces
  1393 | D        | Bought a potion of heal wounds for 60 gold pieces
  1395 | D        | Bought a runed helmet for 165 gold pieces
  1415 | D        | Bought a scroll of identify for 20 gold pieces
  1415 | D        | Bought a scroll of identify for 20 gold pieces
  1415 | D        | Bought a scroll of magic mapping for 35 gold pieces
  1415 | D        | Bought a scroll of identify for 20 gold pieces
  1416 | D        | Bought a +0 battleaxe of flaming for 137 gold pieces
  1477 | D        | Noticed a 12-headed hydra
  1483 | D        | Killed a seven-headed hydra
  1625 | D        | Bought a ring of protection from fire for 275 gold pieces
  1625 | D        | Bought a +4 ring of protection for 396 gold pieces
  1668 | D        | Bought a ring of fire for 350 gold pieces
  1738 | D        | Noticed a fire giant
  1745 | D        | Noticed a fire giant
  1748 | D        | Noticed a fire giant
  1772 | D        | Killed a fire giant
  1773 | D        | Reached skill level 5 in Transmutations
  1773 | D        | Reached skill level 10 in Earth Magic
  1777 | D        | Killed a fire giant
  1779 | D        | Killed a fire giant
  1780 | D        | Reached XP level 12. HP: 83/123 MP: 11/13
  2006 | D        | Noticed a fire giant
  2018 | D        | Killed a fire giant
  2019 | D        | Reached skill level 13 in Fighting
  2025 | D        | Found the +4 dragonskin cloak
  2025 | D        | Noticed Tiamat
  2085 | D        | Noticed a shadow dragon
  2086 | D        | Noticed a golden dragon
  2101 | D        | Killed a shadow dragon
  2102 | D        | Reached skill level 14 in Fighting
  2112 | D        | Killed a golden dragon
  2113 | D        | Reached skill level 15 in Fighting
  2119 | D        | Identified the amulet "Daiqidid" {Acrobat +Blink MP+9}
  2122 | D        | Got the Collected Works on Poisoning
  2141 | D        | Identified the ring "Worid" {Ice rN+}
  2186 | D        | Found Vinot's General Store.
  2191 | D        | Bought a scroll of silence for 75 gold pieces
  2222 | D        | Noticed a deep elf annihilator
  2234 | D        | Reached skill level 16 in Fighting
  2257 | D        | Noticed a mummy priest
  2266 | D        | Killed a deep elf annihilator
  2393 | D        | Bought a ring of flight for 192 gold pieces
  2460 | D        | Killed a mummy priest
  2511 | D        | Noticed the 27-headed Lernaean hydra
  2522 | D        | HP: 5/135 [the 23-headed Lernaean hydra (8)]
  2525 | D        | Killed the 22-headed Lernaean hydra
  2526 | D        | Reached skill level 18 in Fighting
  2526 | D        | Reached XP level 13. HP: 35/148 MP: 6/11
  2539 | D        | Noticed a deep elf master archer
  2547 | D        | Killed a deep elf master archer
  2548 | D        | Reached skill level 19 in Fighting
  2558 | D        | Got Qeanest's Volume of Changing
  2665 | D        | Identified the +6 quarterstaff "Nitis" {drain, MP+9}
  2760 | D        | Noticed Lom Lobon
  2890 | D        | Got the Orb of Zot
  2903 | D        | Killed from afar by Lom Lobon

Illustrated notes

Levels and vault maps discovered:
D:        dungeon_sprint_1 [red_sonja_temple_1, red_sonja_temple_small_1]

Skill      XL: |  1  2  3  4  5  6  7  8  9 10 11 12 13 |
---------------+----------------------------------------+-----
Fighting       | 3 5 8 10 11 12 18 19 | 19.0
Axes           | 3 8 11 12 14 | 14.8
Armour         | 4 6 10 12 14 15 | 15.3
Shields        | 4 |  4.6
Invocations    | 15 17 | 17.9
Stealth        | 5 |  5.7
Earth Magic    | 12 | 12.7
Transmutations | 7 |  7.8
Dodging        | |  0.3

Action                   |  1- 3 |  4- 6 |  7- 9 | 10-12 | 13-15 || total
-------------------------+-------+-------+-------+-------+-------++-------
Melee: War axe           |    20 |    22 |    80 |   276 |       ||   398
       Battleaxe         |       |       |       |   118 |     5 ||   123
 Cast: Passwall          |       |       |       |       |     3 ||     3
Invok: Disaster Area     |       |       |       |     4 |       ||     4
 Abil: Heal Wounds       |     1 |     1 |    12 |    35 |    16 ||    65
       Evoke Blink       |       |       |       |       |     2 ||     2
  Use: Potion            |     1 |       |     1 |     5 |     5 ||    12
       Scroll            |       |       |       |     7 |     1 ||     8
Armor: Scale mail        |     9 |     5 |       |       |       ||    14
       Chain mail        |       |     1 |    84 |   336 |       ||   421
Dodge: Dodged            |    11 |     3 |    32 |   171 |     3 ||   220
       Repelled          |       |       |       |     2 |       ||     2
Block: Other             |       |       |     7 |   170 |     5 ||   182
